 Dungeon Crawl Stone Soup version 0.21.0-24-g2553a33 (webtiles) character file.

56 Monsterracer the Sneak (level 3, -2/21 HPs)
             Began as a Deep Elf Assassin on Jan 21, 2018.
             Slain by a jackal (3 damage)
             ... on level 2 of the Dungeon.
             The game lasted 00:02:31 (1297 turns).

Monsterracer the Sneak (Deep Elf Assassin)          Turns: 1297, Time: 00:02:32

Health: -2/21      AC:  3    Str:  8    XL:     3   Next: 71%
Magic:  5/5        EV: 13    Int: 15    God:
Gold:   20         SH:  0    Dex: 17    Spells: 2/2 levels left

rFire    . . .     SeeInvis .   a - +2 dagger
rCold    . . .     Gourm    .   (no shield)
rNeg     . . .     Faith    .   g - +0 robe
rPois    .         Spirit   .   (no helmet)
rElec    .         Reflect  .   d - +0 cloak
rCorr    .         Harm     .   (no gloves)
MR       .....                  (no boots)
Stlth    +++.......             (no amulet)
HPRegen  0.07/turn              (no ring)
MPRegen  0.09/turn              (no ring)

@: no status effects
A: no striking features
a: no special abilities


You were on level 2 of the Dungeon.
You were not hungry.

You visited 1 branch of the dungeon, and saw 2 of its levels.

You collected 20 gold pieces.

Inventory:

Hand Weapons
 a - a +2 dagger (weapon)
 b - a +0 blowgun
Missiles
 e - 8 poisoned needles
 f - 2 curare-tipped needles
Armour
 d - a +0 cloak (worn)
 g - a +0 robe (worn)
 j - a +0 buckler
Wands
 l - a wand of digging (21)
Scrolls
 i - 2 scrolls of identify {unknown}
Potions
 h - a potion of resistance {unknown}
Comestibles
 c - a ration
 k - a chunk of flesh


   Skills:
 + Level 2.0 Fighting
 * Level 3.0 Short Blades
 - Level 2.0 Throwing
 + Level 2.2 Dodging
 + Level 5.3 Stealth


You had 2 spell levels left.
You didn't know any spells.

Dungeon Overview and Level Annotations

Branches:
Dungeon (2/15)

Altars:


Message History

You miss the jackal.
The jackal is severely wounded.
The jackal misses you.
You closely miss the jackal.
The jackal is severely wounded.
The jackal bites you.
You take 1 damage, and have 16/17 hp.
You barely miss the jackal.
The jackal is severely wounded.
The jackal closely misses you.
You hit the jackal.
You kill the jackal!
The jackal misses you.
You hit the jackal but do no damage. The jackal barely misses you.
You hit the jackal.
The jackal is heavily wounded.
The jackal bites you but does no damage.
You closely miss the jackal.
The jackal is moderately wounded.
The jackal bites you.
You take 1 damage, and have 15/17 hp.
You hit the jackal.
The jackal is severely wounded.
The jackal bites you.
You take 3 damage, and have 12/17 hp.
You closely miss the jackal.
The jackal is severely wounded.
The jackal bites you.
The jackal bites you but does no damage.
You take 2 damage, and have 10/17 hp.
You hit the jackal.
The jackal is almost dead.
The jackal bites you but does no damage.
You miss the jackal.
The jackal is almost dead.
The jackal bites you.
You take 1 damage, and have 9/17 hp.
You hit the jackal.
You kill the jackal!
You have reached level 3!
Your experience leads to an increase in your attributes!
Increase (S)trength, (I)ntelligence, or (D)exterity?
You feel agile.
You regained 3 hp, and now have 12/21 hp.
MP restored: 5 You hit the giant cockroach.
The giant cockroach is almost dead.
The giant cockroach barely misses you.
You closely miss the giant cockroach.
The giant cockroach is almost dead.
The giant cockroach bites you but does no damage.
You barely miss the giant cockroach.
The giant cockroach is almost dead.
The giant cockroach bites you but does no damage.
You hit the giant cockroach but do no damage.
The giant cockroach is severely wounded.
The giant cockroach bites you.
You take 1 damage, and have 11/21 hp.
You hit the giant cockroach.
You kill the giant cockroach!
You barely miss Jessica. Jessica hits you.
* * * LOW HITPOINT WARNING * * *
Jessica closely misses you.
You take 3 damage, and have 8/21 hp.
You hit Jessica.
Jessica is heavily wounded.
Jessica hits you.
* * * LOW HITPOINT WARNING * * *
You take 5 damage, and have 3/21 hp.
MASSIVE DAMAGE!!
You hit Jessica.
You kill Jessica!
Your Fighting skill increases to level 2!
Your Short Blades skill increases to level 3!
Your Dodging skill increases to level 2!
You closely miss the jackal.
The jackal bites you but does no damage.
You hit the jackal but do no damage. The jackal misses you.
The jackal bites you but does no damage.
You hit the jackal.
The jackal is moderately wounded.
The jackal bites you but does no damage.
You hit the jackal but do no damage.
The jackal is moderately wounded.
The jackal bites you.
* * * LOW HITPOINT WARNING * * *
You take 2 damage, and have 1/21 hp.
You completely miss the jackal.
The jackal is moderately wounded.
The jackal closely misses you.
You hit the jackal.
The jackal is moderately wounded.
The jackal barely misses you.
You closely miss the jackal.
The jackal is moderately wounded.
The jackal bites you but does no damage.
The jackal barely misses you.
You barely miss the jackal.
The jackal is moderately wounded.
The jackal bites you.
You die...

..# #......#
### #......#
#......#
#......#
#.###### #.#
# #.# #. #.#
#.. #@# #...
#h#
#....##.#
........####
.s.........#
.##........#
#........#
#........#
#........#


You could see a jackal.

Vanquished Creatures
  Jessica (D:2)
  A dart slug (D:2)
  A giant cockroach (D:2)
  2 goblins
  5 hobgoblins
  3 jackals (D:2)
  4 kobolds
  A ball python (D:1)
  4 bats
  A frilled lizard (D:1)
  5 rats (D:1)
28 creatures vanquished.

Notes
Turn   | Place    | Note
-------+----------+-------------------------------------------
     0 | D:1      | Monsterracer the Deep Elf Assassin began the quest for the Orb.
     0 | D:1      | Reached XP level 1. HP: 12/12 MP: 3/3
   222 | D:1      | Reached XP level 2. HP: 17/17 MP: 4/4
   274 | D:1      | Reached skill level 5 in Stealth
  1253 | D:2      | Noticed Jessica
  1281 | D:2      | Reached XP level 3. HP: 11/21 MP: 5/5
  1287 | D:2      | HP: 8/21 [Jessica (3)]
  1288 | D:2      | HP: 3/21 [Jessica (5)]
  1289 | D:2      | Killed Jessica
  1293 | D:2      | HP: 1/21 [jackal (2)]
  1297 | D:2      | Slain by a jackal

Skill      XL: |  1  2  3 |
---------------+----------+-----
Stealth        | 5 |  5.3
Fighting       | 2 |  2.0
Short Blades   | 3 |  3.0
Dodging        | 2 |  2.2
Throwing       | |  2.0

Action                   || total
-------------------------++-------
Melee: Dagger            ||   106
 Stab: Sleeping          ||    10
  Eat: Chunk             ||     1
Armor: Robe              ||    23
Dodge: Dodged            ||    49

Vault maps used:
D:1:      lemuel_arrival_room
D:2:      uniq_jessica
